 Dungeon Crawl Stone Soup version 0.22-a0-558-gc224181 (webtiles) character file.

242 iamserjio the Chopper (level 6, 0/38 HPs)
             Began as a Gargoyle Fighter on June 27, 2018.
             Slain by a worker ant (1 damage)
             ... on level 4 of the Dungeon.
             The game lasted 00:04:36 (708 turns).

iamserjio the Chopper (Gargoyle Fighter)             Turns: 708, Time: 00:04:36

Health: 0/38       AC: 12    Str: 20    XL:     6   Next: 9%
Magic:  6/6        EV:  7    Int:  9    God:
Gold:   124        SH: 10    Dex: 10    Spells: 5/5 levels left

rFire    . . .     SeeInvis .   a - +1 war axe
rCold    . . .     Gourm    .   c - +1 shield
rNeg     + . .     Faith    .   b - +0 scale mail
rPois    ∞         Spirit   .   (no helmet)
rElec    +         Reflect  .   (no cloak)
rCorr    +         Harm     .   i - +0 pair of gloves
MR       .....                  (no boots)
Stlth    ..........             (no amulet)
HPRegen  0.12/turn              g - ring of resist corrosion
MPRegen  0.10/turn              (no ring)

@: slowed, very slow
A: negative energy resistance 1, electricity resistance, unbreathing,
petrification resistance, rot immunity, AC +4
a: no special abilities


You were on level 4 of the Dungeon.
You were not hungry.

You visited 1 branch of the dungeon, and saw 5 of its levels.

You collected 124 gold pieces.

Inventory:

Hand Weapons
 a - a +1 war axe (weapon)
Armour
 b - a +0 scale mail (worn)
 c - a +1 shield (worn)
 i - a +0 pair of gloves (worn)
Jewellery
 g - a ring of resist corrosion (left hand)
Scrolls
 m - 2 scrolls of remove curse {@r2}
Potions
 d - a potion of might
 e - a potion of curing {unknown}
 h - a potion of degeneration {unknown}
 j - a potion of berserk rage {unknown}
 l - a potion of invisibility {unknown}
Comestibles
 f - 5 rations


   Skills:
 - Level 4.0 Fighting
 + Level 5.3 Axes
 - Level 3.2 Armour
 - Level 3.2 Shields


You had 5 spell levels left.
You didn't know any spells.
Your spell library was empty.

Dungeon Overview and Level Annotations

Branches:
Dungeon (5/15)
 Temple: D:4-7

Altars:
Ashenzari


Innate Abilities, Weirdness & Mutations

You are resistant to torment.
Your stone body is resilient. (AC +4)
You are immune to poison.
You resist negative energy. (rN+)
You are resistant to electric shocks. (rElec)
You can survive without breathing.
You are immune to petrification.
You are immune to rotting.


Message History

The worker ant bites you but does no damage.
The orc wizard casts a spell at you. The magic dart hits you!
* * * LOW HITPOINT WARNING * * *
You closely miss the orc wizard.
The orc wizard is lightly wounded.
You closely miss the worker ant. The worker ant closely misses you.
The worker ant bites you.
* * * LOW HITPOINT WARNING * * *
The orc wizard hits you but does no damage.
The worker ant barely misses you.
The orc wizard casts a spell.
The orc wizard blinks!
You barely miss the worker ant.
The worker ant is almost dead.
You block the worker ant's attack. The worker ant misses you.
You barely miss the worker ant.
The worker ant is almost dead.
The worker ant closely misses you. x2; The worker ant bites you.
You die...

###....#.##### ..
#....#.###### ..
#....#...†..# #.
#....#..###.##
#.#+######..#..#.#..#
#.....# #..#....#..#
#.....# #.....#....#
#..†a.####.......#..#
#.#..o@.#........#.#..#
#.....)...........##..#
......##...##....#.....#
#####. #...# ......###.#
# #...# ....# #.# #...#
... #.# #...# #.# #...#
#<# #...# #...


You could see a worker ant and an orc wizard.

Vanquished Creatures
  A crimson imp (D:5)
  2 hounds
  An orc wizard (D:4)
  A worker ant (D:4)
  4 adders
  An ooze (D:4)
  3 worms
  A leopard gecko (D:1)
  3 orcs
  2 giant cockroaches
  7 goblins
  2 hobgoblins
  10 jackals
  A quokka (D:3)
  A bat (D:3)
  2 kobolds (D:1)
  4 rats
46 creatures vanquished.

Notes
Turn   | Place    | Note
-------+----------+-------------------------------------------
     0 | D:1      | iamserjio the Gargoyle Fighter began the quest for the Orb.
     0 | D:1      | Reached XP level 1. HP: 14/14 MP: 1/1
    91 | D:1      | Reached skill level 2 in Axes
   121 | D:1      | Found a shattered altar of Ashenzari.
   140 | D:1      | Reached XP level 2. HP: 18/19 MP: 2/2
   414 | D:3      | Reached XP level 3. HP: 7/24 MP: 3/3
   503 | D:4      | Reached skill level 3 in Axes
   552 | D:4      | Reached XP level 4. HP: 18/29 MP: 4/4
   605 | D:5      | Entered Level 5 of the Dungeon
   649 | D:5      | Reached skill level 4 in Axes
   649 | D:5      | Reached XP level 5. HP: 23/33 MP: 5/5
   702 | D:4      | Reached skill level 5 in Axes
   705 | D:4      | Reached XP level 6. HP: 7/38 MP: 6/6
   706 | D:4      | HP: 1/38 [worker ant (4)]
   708 | D:4      | Slain by a worker ant

Vault maps used:
D:1:      onia_arrival_mini_spirals, evilmike_ruin_ashenzari
D:2:      serial_forest, infiniplex_forest_zigzag_1, infiniplex_forest_lined_3,
          infiniplex_forest_end_2, infiniplex_forest_end_1,
          infiniplex_forest_zigzag_1, dk_vineyard_3, skrybe_limestone_x,
          corexii_leaking_fountain
D:4:      minmay_temple_entry_grid, ebering_ghost_sewer_d
D:5:      lemuel_round_altar, first_ration

Skill      XL: |  1  2  3  4  5 |
---------------+----------------+-----
Axes           | 2 3 4 5 |  5.3
Fighting       | 4 |  4.0
Armour         | |  3.2
Shields        | |  3.2

Action                   |  1- 3 |  4- 6 || total
-------------------------+-------+-------++-------
Melee: War axe           |    89 |    55 ||   144
  Use: Scroll            |       |     4 ||     4
Armor: Scale mail        |    49 |    55 ||   104
Dodge: Dodged            |    28 |    43 ||    71
Block: Shield            |    41 |    53 ||    94

Table legend:
 A = Spawn XP
 B = Non-spawn XP
 C = Spawn XP percentage of total XP
 D = Spawn monster count
 E = Non-spawn monster count
 F = Spawn count percentage of total count
 G = Total turns spent on level
                    A         B        C        D         E        F      G
               +---------+---------+-------+---------+---------+-------+---------
         Total |       0 |     347 |   0.0 |       0 |      46 |   0.0 |   708
               +---------+---------+-------+---------+---------+-------+---------
           D:1 |       0 |      18 |   0.0 |       0 |      11 |   0.0 |   199
           D:2 |       0 |      11 |   0.0 |       0 |       4 |   0.0 |   112
           D:3 |       0 |      30 |   0.0 |       0 |       8 |   0.0 |   205
           D:4 |       0 |     155 |   0.0 |       0 |      11 |   0.0 |   106
           D:5 |       0 |     133 |   0.0 |       0 |      12 |   0.0 |    86
               +---------+---------+-------+---------+---------+-------+---------
